[Event "*** SCC Grand Prix: Titled Tuesday Blitz"]
[Site "Chess.com"]
[Date "2020.10.06"]
[Round "3"]
[White "Matols"]
[Black "Superfelix"]
[Result "1-0"]
[WhiteElo "2281"]
[BlackElo "2446"]
[TimeControl "180+1"]
[EndTime "10:23:03 PDT"]
[Termination "Matols won by resignation"]

1. d4 g6 2. c4 Bg7 3. g3 Nf6 4. Bg2 d5 5. cxd5 Nxd5 6. Nf3 O-O 7. O-O Nb6 8. Nc3 Nc6 9. e3 Re8 10. Re1 e5 11. d5 Na5 12. e4 c6 13. b3 cxd5 14.
exd5 e4 15. Nxe4 Bxa1 16. Bg5 Rxe4 17. Bxd8 Rxe1+ 18. Qxe1 1-0

[Event "*** SCC Grand Prix: Titled Tuesday Blitz"]
[Site "Chess.com"]
[Date "2020.10.06"]
[Round "3"]
[White "Msb2"]
[Black "Joshukid"]
[Result "1-0"]
[WhiteElo "2911"]
[BlackElo "2703"]
[TimeControl "180+1"]
[EndTime "10:23:17 PDT"]
[Termination "Msb2 won by resignation"]

1. d4 d5 2. c4 e6 3. Nc3 a6 4. cxd5 exd5 5. Nf3 Nf6 6. Bf4 c6 7. e3 Be7 8. h3 O-O 9. Bd3 Nbd7 10. a3 Re8 11.
Qc2 Nf8 12. O-O Ng6 13. Bh2 Bd6 14. Bxd6 Qxd6 15. b4 Bd7 16. a4 a5 17. bxa5 Rxa5 18. Rfb1 Ra7 19. Rb6 Rea8 20. Nb5 Qb4 21. Rb1 Qxa4 22.
Nxa7 Qxc2 23. Bxc2 Rxa7 24. Rxb7 Ra2 25. Rb8+ Be8 26.
Bxg6 hxg6 27. Ne5 Kh7 28. g4 g5 29. h4 1-0

[Event "*** SCC Grand Prix: Titled Tuesday Blitz"]
[Site "Chess.com"]
[Date "2020.10.06"]
[Round "3"]
[White "ExtremeLearner"]
[Black "Kezin_Roman"]
[Result "0-1"]
[WhiteElo "2445"]
[BlackElo "2708"]
[TimeControl "180+1"]
[EndTime "10:23:29 PDT"]
[Termination "Kezin_Roman won by resignation"]

1. d4 d5 2. Nf3 Nf6 3. g3 e6 4. Bg2 b5 5. O-O Nbd7 6. a4 b4 7. c4 bxc3 8. Nxc3 a5 9. Bf4 c6 10. Rc1 Ba6 11. Re1 Bb4 12. Ne5 Nxe5 13. Bxe5 O-O 14.
f3 Nd7 15. Bf4 c5 16. Be3 cxd4 17. Bxd4 e5 18. Bf2 d4 19. Ne4 Bxe1 20. Bxe1 Rc8 21. Rxc8 Qxc8 22. Bxa5 Qc4 23. Bf1 f5 24. Nd2 Qd5 25.
Qc2 Qxa5 0-1

[Event "*** SCC Grand Prix: Titled Tuesday Blitz"]
[Site "Chess.com"]
[Date "2020.10.06"]
[Round "3"]
[White "nochewycandy"]
[Black "MVM2008"]
[Result "1/2-1/2"]
[WhiteElo "2492"]
[BlackElo "2220"]
[TimeControl "180+1"]
[EndTime "10:23:42 PDT"]
[Termination "Game drawn by repetition"]

1. e4 d6 2. c4 e5 3. Nc3 Nc6 4.
g3 Nf6 5. Bg2 Nd4 6. Nge2 c5 7.
O-O h5 8. Nxd4 cxd4 9. Ne2 h4 10. d3 hxg3 11. hxg3 Ng4 12. f3 Nh2 13. Rf2 Qf6 14.
Bh1 Ng4 15. Rf1 Nh2 16. Rf2 Ng4 17. Rf1 Nh2 18. Rf2 1/2-1/2

[Event "*** SCC Grand Prix: Titled Tuesday Blitz"]
[Site "Chess.com"]
[Date "2020.10.06"]
[Round "3"]
[White "MashaFromRussia"]
[Black "MasterMK73"]
[Result "1-0"]
[WhiteElo "2408"]
[BlackElo "2210"]
[TimeControl "180+1"]
[EndTime "10:23:43 PDT"]
[Termination "MashaFromRussia won by resignation"]

1. d4 d5 2. c4 e6 3. Nf3 c6 4. g3 dxc4 5. Bg2 b5 6. O-O Bb7 7. Nc3 Nf6 8. e4 b4 9. e5 bxc3 10.
exf6 Qxf6 11. bxc3 Nd7 12. Bf4 h6 13. Rb1 Ba6 14. Ne5 g5 15. Bxc6 Rd8 16. Nxd7 Rxd7 17. Qa4 Bc8 18. Be5 Qd8 19. Bxh8 f6 20. Rb8 Kf7 21.
Bxd7 Bxd7 22. Rxd8 Bxa4 23. Bxf6 1-0

[Event "*** SCC Grand Prix: Titled Tuesday Blitz"]
[Site "Chess.com"]
[Date "2020.10.06"]
[Round "3"]
[White "RamyresCoelho"]
[Black "northridgehawk"]
[Result "0-1"]
[WhiteElo "2019"]
[BlackElo "2308"]
[TimeControl "180+1"]
[EndTime "10:23:43 PDT"]
[Termination "northridgehawk won by resignation"]

1. e4 e5 2. Nf3 Nc6 3. d4 exd4 4. Bc4 Nf6 5. e5 d5 6. Bb5 Ne4 7. Nxd4 Bd7 8. Bxc6 bxc6 9. O-O Bc5 10. f3 Ng5 11. f4 Bg4 12. Qxg4 Bxd4+ 13. Kh1 Ne4 14. Qxg7 Qh4 15. g3 Qh3 16. Rf3 O-O-O 17. Nc3 Rhg8 18. Qxf7 Nxg3+ 19. Rxg3 Qf1+ 0-1

[Event "*** SCC Grand Prix: Titled Tuesday Blitz"]
[Site "Chess.com"]
[Date "2020.10.06"]
[Round "3"]
[White "kakakz"]
[Black "NMZanette"]
[Result "0-1"]
[WhiteElo "2394"]
[BlackElo "2227"]
[TimeControl "180+1"]
[EndTime "10:23:50 PDT"]
[Termination "NMZanette won by resignation"]

1. d4 Nf6 2. c4 e6 3. Nf3 b6 4. a3 Bb7 5. Nc3 d5 6. cxd5 exd5 7.
Bf4 Be7 8. g3 O-O 9. Bg2 c6 10.
O-O Na6 11. Ne5 Nc7 12. Qb3 Ne6 13. Rfd1 Nxf4 14. gxf4 Rc8 15. Rac1 Nh5 16. e3 Bd6 17. Bf3 Nf6 18. Kh1 g6 19. Rg1 Qe7 20. Rg3 Nd7 21.
Rcg1 Nxe5 22. fxe5 Bb8 23. Ne2 c5 24. Bxd5 c4 25. Rxg6+ hxg6 26. Rxg6+ Kh7 0-1

[Event "*** SCC Grand Prix: Titled Tuesday Blitz"]
[Site "Chess.com"]
[Date "2020.10.06"]
[Round "3"]
[White "UmarovSabir"]
[Black "gagtemp"]
[Result "1-0"]
[WhiteElo "2364"]
[BlackElo "1953"]
[TimeControl "180+1"]
[EndTime "10:23:50 PDT"]
[Termination "UmarovSabir won by resignation"]

1. e4 e6 2. d4 d5 3. Nd2 c5 4.
Ngf3 cxd4 5. Nxd4 Bc5 6. N2b3 Bb6 7. Bb5+ Kf8 8. exd5 Qxd5 9. O-O Nc6 10. c4 Qd6 11. Nxc6 Qxd1 12. Rxd1 bxc6 13. Bxc6 Rb8 14. Bf4 Bxf2+ 15. Kxf2 Rb6 16. Rd8+ Ke7 17. Rxc8 1-0

[Event "*** SCC Grand Prix: Titled Tuesday Blitz"]
[Site "Chess.com"]
[Date "2020.10.06"]
[Round "3"]
[White "garicradomir"]
[Black "Ermito2020"]
[Result "0-1"]
[WhiteElo "2343"]
[BlackElo "2649"]
[TimeControl "180+1"]
[EndTime "10:23:52 PDT"]
[Termination "Ermito2020 won by resignation"]

1. e4 c6 2. d4 d5 3. Nc3 dxe4 4.
Nxe4 Nf6 5. Nxf6+ exf6 6. c3 Bd6 7. Bd3 O-O 8. Qc2 h5 9. Ne2 Re8 10. Be3 Be6 11. c4 Nd7 12. O-O-O Nf8 13. h3 a5 14. g4 h4 15. g5 fxg5 16. Rdg1 f6 17. Nc3 a4 18. Nxa4 b5 19. Nc5 Bxc5 20. dxc5 Rxa2 21.
cxb5 Bd5 22. Rh2 Ra1+ 23. Qb1 Rxb1+ 0-1

[Event "*** SCC Grand Prix: Titled Tuesday Blitz"]
[Site "Chess.com"]
[Date "2020.10.06"]
[Round "3"]
[White "GHANDEEVAM2003"]
[Black "karwowskikacper"]
[Result "1-0"]
[WhiteElo "2955"]
[BlackElo "2475"]
[TimeControl "180+1"]
[EndTime "10:23:57 PDT"]
[Termination "GHANDEEVAM2003 won by resignation"]

1. e4 c5 2. Nf3 e6 3. d4 cxd4 4. Nxd4 Nc6 5. Nc3 a6 6. Be3 Qc7 7. Qf3 Nf6 8. Nxc6 dxc6 9. g4 h5 10. gxh5 Rxh5 11. O-O-O Be7 12. Be2 e5 13. Qg3 Rh7 14.
f4 Rh3 15. Qxg7 Rxe3 16. Qh8+ Bf8 17. Qxf6 exf4 18. Bh5 Qe7 19. Bxf7+ 1-0

[Event "*** SCC Grand Prix: Titled Tuesday Blitz"]
[Site "Chess.com"]
[Date "2020.10.06"]
[Round "3"]
[White "Sesleria"]
[Black "ORS1984"]
[Result "0-1"]
[WhiteElo "2115"]
[BlackElo "2484"]
[TimeControl "180+1"]
[EndTime "10:23:59 PDT"]
[Termination "ORS1984 won by resignation"]

1. e4 c5 2. Nf3 d6 3. d4 cxd4 4. Nxd4 Nf6 5. Nc3 a6 6. f4 e6 7. Qf3 e5 8. Nb3 Be7 9. Bd3 b5 10. f5 Bb7 11. Bg5 Nbd7 12. Bxf6 Nxf6 13. g4 b4 14. Nd5 Nxd5 15. exd5 Bh4+ 16. Kf1 Qb6 17.
Kg2 h5 18. h3 Bxd5 0-1

[Event "*** SCC Grand Prix: Titled Tuesday Blitz"]
[Site "Chess.com"]
[Date "2020.10.06"]
[Round "3"]
[White "Sergey85Rodchenkov"]
[Black "SophieNikoladze"]
[Result "1-0"]
[WhiteElo "2462"]
[BlackElo "2272"]
[TimeControl "180+1"]
[EndTime "10:24:12 PDT"]
[Termination "Sergey85Rodchenkov won by resignation"]

1. e4 d6 2. d4 Nf6 3. Nc3 e5 4. Nf3 exd4 5. Nxd4 Be7 6. Bc4 O-O 7. O-O a6 8. a4 c6 9. a5 b5 10. axb6 Qxb6 11.
Re1 Rd8 12. Bb3 Bf8 13. Be3 c5 14. Nf5 Bxf5 15. exf5 Nc6 16. Bg5 Be7 17. Bxf6 Bxf6 18. Nd5 Qb7 19. Nxf6+ gxf6 20. Bd5 Re8 21. Qg4+ Kf8 22.
Qh4 Re5 23. Rxe5 fxe5 24. f6 Qxb2 25. Qh6+ Ke8 26. Bxc6+ Kd8 27. Rf1 Rb8 28. Qxh7 Kc7 29. Bd5 1-0

[Event "*** SCC Grand Prix: Titled Tuesday Blitz"]
[Site "Chess.com"]
[Date "2020.10.06"]
[Round "3"]
[White "SaqoChess_Twitch"]
[Black "QuintilianoR"]
[Result "0-1"]
[WhiteElo "2403"]
[BlackElo "2591"]
[TimeControl "180+1"]
[EndTime "10:24:13 PDT"]
[Termination "QuintilianoR won by checkmate"]

1. d4 d5 2. c4 c6 3. Nc3 Nf6 4.
e3 e6 5. Nf3 Nbd7 6. Bd3 dxc4 7. Bxc4 b5 8. Bd3 a6 9. e4 c5 10. e5 cxd4 11. Nxb5 axb5 12. exf6 Bb7 13. O-O Qb6 14.
Nxd4 Qxd4 15. Bxb5 Qxd1 16. Rxd1 Bd5 17. Rxd5 exd5 18.
Bg5 g6 19. Rd1 O-O-O 20. Rc1+ Kb7 21. Bc6+ Kb6 22. Be3+ Bc5 23. Bxd7 Bxe3 24. Rc6+ Kb7 25. fxe3 Rxd7 26. Rc5 Rc8 27. Rb5+ Kc6 28. Rb3 Kd6 29. g4 g5 30. Kf2 Ke5 31. Kf3 Rc2 32. a4 Rxh2 33.
a5 Rd6 34. Rb7 Rxf6+ 35. Kg3 Rhf2 36. b4 R6f3# 0-1

[Event "*** SCC Grand Prix: Titled Tuesday Blitz"]
[Site "Chess.com"]
[Date "2020.10.06"]
[Round "3"]
[White "Chuchofrio1"]
[Black "kinga2008"]
[Result "1-0"]
[WhiteElo "2343"]
[BlackElo "2141"]
[TimeControl "180+1"]
[EndTime "10:24:14 PDT"]
[Termination "Chuchofrio1 won by resignation"]

1. e4 c5 2. Nc3 e6 3. f4 Nc6 4. Bb5 d5 5. d3 a6 6. Bxc6+ bxc6 7. Nf3 Bb7 8. O-O g6 9. f5 Bg7 10. fxe6 fxe6 11. Ng5 Qd7 12. Rf7 Bd4+ 13. Kh1 Ne7 14. Qg4 e5 15. Qxd7+ Kxd7 16. Nxh7 Ke6 17. Ng5+ Kd6 18.
Bd2 Raf8 19. Raf1 Rd8 20. R7f6+ Kd7 21. Nf7 Rdf8 22. Nxe5+ Bxe5 23. Rxf8 1-0

[Event "*** SCC Grand Prix: Titled Tuesday Blitz"]
[Site "Chess.com"]
[Date "2020.10.06"]
[Round "3"]
[White "GM_LOADING"]
[Black "AungTZ"]
[Result "1-0"]
[WhiteElo "2492"]
[BlackElo "2154"]
[TimeControl "180+1"]
[EndTime "10:24:17 PDT"]
[Termination "GM_LOADING won by resignation"]

1. Nf3 d5 2. g3 Nf6 3. Bg2 e6 4. c4 Be7 5. O-O c5 6. cxd5 Nxd5 7. d4 O-O 8. Nc3 cxd4 9. Nxd4 Nxc3 10. bxc3 a6 11. Rb1 Qc7 12. Qb3 e5 13. Bxb7 Ra7 14.
Bxc8 Rxc8 15. Nf5 Bf8 16. Be3 Ra8 17. Qd5 Nc6 18. Bb6 Qb7 19. Bc5 Qc7 20. Bxf8 Rxf8 21. Qxc6 1-0

[Event "*** SCC Grand Prix: Titled Tuesday Blitz"]
[Site "Chess.com"]
[Date "2020.10.06"]
[Round "3"]
[White "flexova"]
[Black "mr65"]
[Result "1-0"]
[WhiteElo "2359"]
[BlackElo "2152"]
[TimeControl "180+1"]
[EndTime "10:24:20 PDT"]
[Termination "flexova won by resignation"]

1. e4 e5 2. Nf3 Nc6 3. Nc3 Nf6 4. g3 Bb4 5. Bg2 Bxc3 6. dxc3 Nxe4 7. Nxe5 Nxe5 8. Bxe4 O-O 9. O-O f5 10.
Bg2 f4 11. Qd5+ Nf7 12. Bxf4 c6 13. Qd4 d5 14. Rae1 Nd6 15. Bxd6 Qxd6 16. c4 Be6 17. cxd5 Bxd5 18. c4 1-0

[Event "*** SCC Grand Prix: Titled Tuesday Blitz"]
[Site "Chess.com"]
[Date "2020.10.06"]
[Round "3"]
[White "PlotnikovPavel"]
[Black "vrekhson"]
[Result "1-0"]
[WhiteElo "2364"]
[BlackElo "2195"]
[TimeControl "180+1"]
[EndTime "10:24:23 PDT"]
[Termination "PlotnikovPavel won by resignation"]

1. e4 c5 2. Nf3 a6 3. g3 Nc6 4.
Bg2 d6 5. O-O Nf6 6. c3 e5 7.
Re1 Bg4 8. d3 Be7 9. Nbd2 O-O 10. h3 Bh5 11. Qc2 Rc8 12. a4 b5 13. axb5 axb5 14.
Nh4 Bg6 15. Nf5 Bxf5 16. exf5 d5 17. Nf3 e4 18. dxe4 dxe4 19. Ng5 Qd7 20. Nxe4 Qxf5 21. Nxf6+ Qxf6 22. h4 Rfd8 23. Bg5 Qd6 24. Bf4 Qf6 25. Bxc6 Rxc6 26. Bg5 1-0

[Event "*** SCC Grand Prix: Titled Tuesday Blitz"]
[Site "Chess.com"]
[Date "2020.10.06"]
[Round "3"]
[White "Rogarcia1"]
[Black "Manukyan_Artak"]
[Result "1-0"]
[WhiteElo "2143"]
[BlackElo "2317"]
[TimeControl "180+1"]
[EndTime "10:24:31 PDT"]
[Termination "Rogarcia1 won by resignation"]

1. e4 c6 2. d4 d5 3. e5 Bf5 4.
c3 e6 5. Nf3 c5 6. Be2 Nc6 7.
O-O Qb6 8. dxc5 Bxc5 9. b4 Be7 10. Bf4 h6 11. a4 g5 12. Be3 Qc7 13. b5 Na5 14.
Nbd2 Rd8 15. Nd4 Bg6 16. b6 axb6 17. Nb5 Qc6 18. Nb3 Kf8 19. N3d4 Qxc3 20. Nxc3 Nc4 21. Bxc4 dxc4 22. f4 Bc5 23. Nxe6+ 1-0

[Event "*** SCC Grand Prix: Titled Tuesday Blitz"]
[Site "Chess.com"]
[Date "2020.10.06"]
[Round "3"]
[White "NotFischer"]
[Black "BigAl"]
[Result "0-1"]
[WhiteElo "2280"]
[BlackElo "2510"]
[TimeControl "180+1"]
[EndTime "10:24:34 PDT"]
[Termination "BigAl won by resignation"]

1. e4 c6 2. d4 d5 3. exd5 cxd5 4. Bd3 Nc6 5. c3 Qc7 6. Ne2 Bg4 7. f3 Bd7 8. Bf4 e5 9. dxe5 Nxe5 10. O-O Bd6 11. Re1 Ne7 12. Bg3 O-O 13. Nd4 Rae8 14. Bb5 Bxb5 15. Nxb5 Qb6+ 16. Nd4 Qxb2 17. Nd2 N7c6 18.
Nf5 Bc5+ 19. Kh1 Nd3 20. Rxe8 Rxe8 21. Nb3 Nf2+ 22. Bxf2 Bxf2 23. Qxd5 Qxa1+ 0-1

[Event "*** SCC Grand Prix: Titled Tuesday Blitz"]
[Site "Chess.com"]
[Date "2020.10.06"]
[Round "3"]
[White "gusmaster2262"]
[Black "Sergienko_Sergey"]
[Result "0-1"]
[WhiteElo "2168"]
[BlackElo "2350"]
[TimeControl "180+1"]
[EndTime "10:24:35 PDT"]
[Termination "Sergienko_Sergey won by resignation"]

1. d4 Nf6 2. c4 c5 3. Nf3 cxd4 4. Nxd4 e5 5. Nc2 d5 6. cxd5 Qxd5 7. Qxd5 Nxd5 8. e4 Nb4 9. Bb5+ N8c6 10. Nxb4 Bxb4+ 11. Bd2 Bd7 12. a3 Bxd2+ 13. Nxd2 Nd4 14. Bxd7+ Kxd7 15. O-O Rac8 16. Rad1 Ke6 17. g3 Rc2 18. f3 Rxb2 19. Nc4 Ra2 20. f4 f6 21. fxe5 fxe5 0-1

[Event "*** SCC Grand Prix: Titled Tuesday Blitz"]
[Site "Chess.com"]
[Date "2020.10.06"]
[Round "3"]
[White "Jabberwockiez"]
[Black "Tenamu"]
[Result "1-0"]
[WhiteElo "2231"]
[BlackElo "2363"]
[TimeControl "180+1"]
[EndTime "10:24:36 PDT"]
[Termination "Jabberwockiez won by resignation"]

1. e4 e6 2. d4 d5 3. Nc3 Nf6 4. e5 Nfd7 5. f4 c5 6. Nf3 Nc6 7. Be3 Qb6 8. Na4 Qa5+ 9. c3 b6 10. Bd2 Ba6 11. c4 Nb4 12. a3 dxc4 13. axb4 cxb4 14.
Nc5 Nxc5 15. Rxa5 bxa5 16. dxc5 Bxc5 17. Qc1 Rc8 18. Be3 Bxe3 19. Qxe3 O-O 20. Be2 Rfd8 21. O-O Rc7 22. Rd1 Rcd7 23. Rxd7 Rxd7 24. Nd4 Rc7 25. f5 Bc8 26. f6 h6 27. fxg7 Kxg7 28.
Nb5 Rd7 29. Nd6 Ba6 1-0

[Event "*** SCC Grand Prix: Titled Tuesday Blitz"]
[Site "Chess.com"]
[Date "2020.10.06"]
[Round "3"]
[White "narutosmith"]
[Black "davigator"]
[Result "1-0"]
[WhiteElo "2219"]
[BlackElo "2351"]
[TimeControl "180+1"]
[EndTime "10:24:38 PDT"]
[Termination "narutosmith won by resignation"]

1. c4 e5 2. Nc3 Bb4 3. Nd5 Bc5 4. Nf3 d6 5. d4 exd4 6. Nxd4 c6 7. Nc3 Bb4 8. g3 Nf6 9. Bg2 O-O 10. O-O Bxc3 11.
bxc3 Na6 12. Bf4 Nh5 13. Be3 Re8 14. Nc2 Be6 15. Na3 Qc7 16. Rb1 b6 17. Qa4 Nb8 18.
Nb5 cxb5 19. Qxb5 Nd7 20. Qxh5 Rac8 21. Bd4 Qxc4 22. Be4 g6 23. Qh6 f6 24. Rb4 Qxa2 25.
Bxg6 hxg6 26. Qxg6+ Kf8 27. Bxf6 Nxf6 28. Qxf6+ Bf7 29.
Rh4 1-0

[Event "*** SCC Grand Prix: Titled Tuesday Blitz"]
[Site "Chess.com"]
[Date "2020.10.06"]
[Round "3"]
[White "ChessicallyInclined"]
[Black "ljuks68"]
[Result "1-0"]
[WhiteElo "2536"]
[BlackElo "2336"]
[TimeControl "180+1"]
[EndTime "10:24:56 PDT"]
[Termination "ChessicallyInclined won by checkmate"]

1. d4 d5 2. c4 c6 3. Nf3 Nf6 4. e3 e6 5. Nc3 Nbd7 6. Bd2 Bd6 7. Bd3 dxc4 8. Bxc4 b5 9. Bd3 a6 10. Ne4 Be7 11. Rc1 Bb7 12. b4 Nd5 13. Nc5 Nxc5 14.
bxc5 Qc7 15. Ne5 O-O 16. O-O Bf6 17. e4 Bxe5 18. dxe5 Ne7 19. Bc3 a5 20. Qe2 b4 21.
Bb2 Rfd8 22. Bc4 Qc8 23. Rfd1 Rxd1+ 24. Rxd1 Ba6 25. Bxa6 Qxa6 26. Qxa6 Rxa6 27. Rd8# 1-0

[Event "*** SCC Grand Prix: Titled Tuesday Blitz"]
[Site "Chess.com"]
[Date "2020.10.06"]
[Round "3"]
[White "Irishchessman16"]
[Black "rududuyk"]
[Result "1-0"]
[WhiteElo "2337"]
[BlackElo "2132"]
[TimeControl "180+1"]
[EndTime "10:24:56 PDT"]
[Termination "Irishchessman16 won by resignation"]

1. e4 e6 2. Nc3 d5 3. Nf3 d4 4. Ne2 c5 5. g3 Nc6 6. Bg2 e5 7.
O-O d3 8. cxd3 Qxd3 9. Ne1 Qd8 10. d3 Nf6 11. Bg5 Be7 12. h3 O-O 13. Nc2 b6 14. f4 Ba6 15. Rf3 Rc8 16. Ne3 Qxd3 17.
Nf5 Qxe2 18. Nxe7+ Nxe7 19. Qd6 Ng6 20. Bxf6 gxf6 21.
f5 Ne7 22. Qxe7 Qxe4 23. Qxf6 Bb7 24. Rf2 1-0

[Event "*** SCC Grand Prix: Titled Tuesday Blitz"]
[Site "Chess.com"]
[Date "2020.10.06"]
[Round "3"]
[White "johnathan113"]
[Black "Eliwood44"]
[Result "1-0"]
[WhiteElo "2592"]
[BlackElo "2405"]
[TimeControl "180+1"]
[EndTime "10:25:01 PDT"]
[Termination "johnathan113 won by resignation"]

1. d4 Nf6 2. Nc3 d5 3. Bf4 a6 4.
e3 c5 5. Nf3 Nc6 6. dxc5 Bg4 7.
a3 e5 8. Bg5 e4 9. h3 Be6 10.
Nd4 Bxc5 11. Nxe6 fxe6 12. Be2 O-O 13. O-O Kh8 14. Na4 Bd6 15. c4 dxc4 16. Nb6 Qxb6 17.
Qxd6 Qxb2 18. Bxc4 Ne5 19. Bxe6 Nd3 20. Rab1 Qe2 21.
Rxb7 Rad8 22. Bxf6 gxf6 23. Qe7 1-0

[Event "*** SCC Grand Prix: Titled Tuesday Blitz"]
[Site "Chess.com"]
[Date "2020.10.06"]
[Round "3"]
[White "stanyga"]
[Black "IANOV0007"]
[Result "0-1"]
[WhiteElo "2605"]
[BlackElo "2439"]
[TimeControl "180+1"]
[EndTime "10:25:08 PDT"]
[Termination "IANOV0007 won by resignation"]

1. d4 d6 2. e4 Nf6 3. Nc3 c6 4.
Nf3 Qa5 5. Bd3 e5 6. O-O Bg4 7. Be3 Nbd7 8. h3 Bh5 9. Re1 Be7 10. a4 O-O 11. g4 Bg6 12. Nh4 Rfe8 13. Nf5 Bf8 14.
Qf3 Qb4 15. Na2 Qa5 16. Nc3 Rad8 17. g5 Nh5 18. Bc4 exd4 19. Bxd4 Ne5 20. Bxe5 Qxe5 21. Rad1 d5 22. exd5 Qxf5 23. Qxf5 Bxf5 24. Rxe8 Rxe8 25.
dxc6 bxc6 26. Rd2 Nf4 27. Kh2 Nxh3 0-1

[Event "*** SCC Grand Prix: Titled Tuesday Blitz"]
[Site "Chess.com"]
[Date "2020.10.06"]
[Round "3"]
[White "XxPetroffsxX"]
[Black "fabianvivasz"]
[Result "0-1"]
[WhiteElo "2198"]
[BlackElo "2366"]
[TimeControl "180+1"]
[EndTime "10:25:10 PDT"]
[Termination "fabianvivasz won by resignation"]

1. e4 e5 2. Nf3 Nc6 3. Bb5 f5 4.
d3 fxe4 5. dxe4 Nf6 6. Nc3 Bb4 7. O-O Bxc3 8. bxc3 d6 9. Bc4 Bg4 10. h3 Bh5 11. g4 Bg6 12. Ng5 Qe7 13. f4 exf4 14. Bxf4 Ne5 15. Bxe5 Qxe5 16. Qd2 Qc5+ 17.
Qd4 Qxg5 18. e5 Qxe5 19. Rae1 Ne4 20. Bf7+ Kd7 21. Qa4+ b5 22. Bxg6 Qg3+ 0-1

[Event "*** SCC Grand Prix: Titled Tuesday Blitz"]
[Site "Chess.com"]
[Date "2020.10.06"]
[Round "3"]
[White "Gurvich_Vitaly"]
[Black "Larina_Marija"]
[Result "0-1"]
[WhiteElo "2626"]
[BlackElo "2213"]
[TimeControl "180+1"]
[EndTime "10:25:12 PDT"]
[Termination "Larina_Marija won by resignation"]

1. e4 c6 2. Nf3 d5 3. d3 dxe4 4. dxe4 Qxd1+ 5. Kxd1 Bg4 6. Be2 Nd7 7. Nbd2 O-O-O 8.
Ne1 Bxe2+ 9. Kxe2 e5 10. f3 Ne7 11. Nd3 Ng6 12. a4 Nc5 13. Nc4 Nxd3 14. cxd3 Bc5 15. g3 Bd4 16. Rb1 h5 17. h4 Rd7 18. b4 Rhd8 19. Rb3 f6 20. b5 cxb5 21. axb5 Kb8 22. Bd2 Nf8 23. Na5 Bb6 24. Nc4 Ne6 25. Be3 Bxe3 26. Kxe3 Nc5 27. Ra3 Rxd3+ 28. Rxd3 Rxd3+ 29. Ke2 Rb3 30. Rd1 Kc7 31. Nd6 Rb2+ 32. Kf1 Nb3 33. Ne8+ Kb6 34. Nxg7 Kxb5 35. Nxh5 a5 36. Nxf6 a4 37.
h5 a3 38. Rd8 a2 39. Ra8 Na5 0-1

[Event "*** SCC Grand Prix: Titled Tuesday Blitz"]
[Site "Chess.com"]
[Date "2020.10.06"]
[Round "3"]
[White "Fandorine"]
[Black "Sashadav97"]
[Result "0-1"]
[WhiteElo "2866"]
[BlackElo "2605"]
[TimeControl "180+1"]
[EndTime "10:25:20 PDT"]
[Termination "Sashadav97 won by resignation"]

1. e4 c5 2. b3 g6 3. Bb2 Nf6 4. f4 Bg7 5. Qf3 O-O 6. e5 Ne8 7. h4 d6 8. h5 Nc6 9. Qf2 dxe5 10. Nc3 exf4 11. O-O-O Bf5 12. Qxf4 Nd4 13. d3 Qa5 14. g4 Ne6 15. Qd2 Bxg4 16. Be2 Bxe2 17. Ngxe2 Nd4 18. hxg6 fxg6 19. Nxd4 cxd4 20. Nd5 Qxd5 0-1

[Event "*** SCC Grand Prix: Titled Tuesday Blitz"]
[Site "Chess.com"]
[Date "2020.10.06"]
[Round "3"]
[White "chorejason"]
[Black "Aleksandar-Topalov"]
[Result "1-0"]
[WhiteElo "2163"]
[BlackElo "2354"]
[TimeControl "180+1"]
[EndTime "10:25:20 PDT"]
[Termination "chorejason won by resignation"]

1. e4 e6 2. d4 d5 3. Nd2 Nf6 4. e5 Ng8 5. Bd3 Ne7 6. c3 Qd7 7. Ne2 b6 8. O-O Ba6 9. c4 dxc4 10. Nxc4 Nd5 11. f4 g6 12. Qe1 h5 13. Bd2 Bb7 14. Rc1 Nc6 15. a3 Nce7 16. b4 Nf5 17. Bxf5 gxf5 18. Qf2 h4 19. Ne3 Be7 20. Rc2 Rg8 21.
g3 hxg3 22. Nxg3 Nxe3 23. Qxe3 Qd5 24. Kf2 Qg2+ 25. Ke1 Qxh2 26. Rg1 Bh4 27. Kd1 O-O-O 28. Be1 Kb8 29. Rxh2 1-0

[Event "*** SCC Grand Prix: Titled Tuesday Blitz"]
[Site "Chess.com"]
[Date "2020.10.06"]
[Round "3"]
[White "jerry_77"]
[Black "slavenok"]
[Result "0-1"]
[WhiteElo "2452"]
[BlackElo "2730"]
[TimeControl "180+1"]
[EndTime "10:25:23 PDT"]
[Termination "slavenok won by resignation"]

1. e4 c5 2. Nf3 a6 3. d4 cxd4 4. Nxd4 Nf6 5. Nc3 e5 6. Nb3 Bb4 7. Bd3 d5 8. exd5 Nxd5 9. Bd2 Bxc3 10. bxc3 O-O 11. O-O Nc6 12. c4 Nf4 13. Bxf4 exf4 14. Re1 Qf6 15. Nc5 b6 16. Ne4 Qh6 17. Qf3 Bb7 18. Rab1 Nd4 19. Nf6+ Qxf6 20. Qxb7 f3 21. Qxb6 Qg5 22. g3 Ne6 23. Rxe6 fxe6 24. Qxe6+ Kh8 25. Qe4 Qh6 26. c5 Rae8 27. Qb4 Rd8 28. Bf1 Qg6 29. Qb6 Qxc2 30. Rb3 Rd1 31. Qxa6 Qe2 0-1

[Event "*** SCC Grand Prix: Titled Tuesday Blitz"]
[Site "Chess.com"]
[Date "2020.10.06"]
[Round "3"]
[White "sergiochess83"]
[Black "Kaua18"]
[Result "1-0"]
[WhiteElo "2790"]
[BlackElo "2460"]
[TimeControl "180+1"]
[EndTime "10:25:24 PDT"]
[Termination "sergiochess83 won on time"]

1. e4 c5 2. Nf3 Nc6 3. d4 cxd4 4. Nxd4 Nf6 5. Nc3 e5 6. Ndb5 d6 7. Bg5 a6 8. Na3 b5 9. Nd5 Be7 10. Bxf6 Bxf6 11. c4 Bg5 12. cxb5 Qa5+ 13. b4 Nxb4 14. Nc4 Nc2+ 15. Ke2 Qa4 16. Ndb6 Bg4+ 17. f3 Nd4+ 18.
Kd3 Qxb5 19. Nxa8 d5 20. Nc7+ Kd7 21. Nxb5 dxc4+ 22. Kc3 axb5 23. fxg4 Ra8 24. a4 bxa4 25. Bxc4 1-0

[Event "*** SCC Grand Prix: Titled Tuesday Blitz"]
[Site "Chess.com"]
[Date "2020.10.06"]
[Round "3"]
[White "Legendinunknown"]
[Black "Mostii"]
[Result "1-0"]
[WhiteElo "2641"]
[BlackElo "2426"]
[TimeControl "180+1"]
[EndTime "10:25:24 PDT"]
[Termination "Legendinunknown won by resignation"]

1. e4 e6 2. d4 d5 3. Bd3 c5 4. exd5 exd5 5. Qe2+ Be7 6. dxc5 Nf6 7. Nf3 O-O 8. O-O Bxc5 9. Bg5 Bg4 10. h3 Bh5 11. Nbd2 Nc6 12. c3 Re8 13. Qd1 Bg6 14. Qc2 d4 15. Nb3 Bb6 16. Bxg6 hxg6 17. cxd4 Rc8 18. Qd3 Nb4 19. Qd2 Ne4 20. Qxb4 Nxg5 21. Nxg5 Qxg5 22. Rae1 Rxe1 23. Rxe1 Rc2 24. Qd6 Rxb2 25.
Qb8+ 1-0

[Event "*** SCC Grand Prix: Titled Tuesday Blitz"]
[Site "Chess.com"]
[Date "2020.10.06"]
[Round "3"]
[White "Lagmantr"]
[Black "Bastiandash"]
[Result "1-0"]
[WhiteElo "2645"]
[BlackElo "2277"]
[TimeControl "180+1"]
[EndTime "10:25:25 PDT"]
[Termination "Lagmantr won by checkmate"]

1. Nf3 Nf6 2. c4 e6 3. b3 d5 4. Bb2 c5 5. g3 Nc6 6. Bg2 Be7 7. O-O O-O 8. cxd5 Nxd5 9. d4 Bf6 10. e4 Nc7 11. e5 Be7 12. dxc5 Bxc5 13. Nbd2 Nb8 14. Ne4 Be7 15. Rc1 Nc6 16. h4 Nd5 17. h5 Qe8 18. h6 g6 19. Qe2 Bd7 20. Rfd1 Rc8 21. Nd6 Bxd6 22. exd6 f6 23. Nd4 Nxd4 24. Bxd4 Nb6 25. Bxb7 Rxc1 26. Rxc1 Qb8 27. Rc7 Qd8 28. Bc6 e5 29. Bxb6 axb6 30. Rxd7 Qc8 31. Qc4+ Kh8 32. Qe6 Qxc6 33. Qxf6+ Rxf6 34. Rd8+ Rf8 35. Rxf8# 1-0